 Dungeon Crawl Stone Soup version 0.31-a0-66-ge618eeaa78 (webtiles) character file.

Game seed: 16053355509119835028

224 Sobieck the Stinger (level 5, -8/28 HPs)
             Began as a Deep Elf Venom Mage on May 22, 2023.
             Was an Initiate of Sif Muna.
             Mangled by a sleepcap (19 damage)
             ... on level 4 of the Dungeon.
             The game lasted 00:07:50 (3422 turns).

Sobieck the Stinger (Deep Elf Venom Mage)           Turns: 3422, Time: 00:07:51

Health: -8/28      AC:  7    Str:  5    XL:     5   Next: 67%
Magic:  10/11      EV:  2    Int: 22    God:    Sif Muna [......]
Gold:   76         SH:  0    Dex: 15    Spells: 3/10 levels left

rFire   . . .        l - +0 quarterstaff {staff}
rCold   . . .        (shield currently unavailable)
rNeg    + . .        A - +3 robe of the Blind Marksman {rElec rN+}
rPois   .            o - +0 helmet
rElec   +            (no cloak)
rCorr   +            (no gloves)
SInv    .            c - +0 pair of boots {Fly}
Will    .....        (no amulet)
Stlth   ++           p - ring of resist corrosion
HPRegen 0.24/turn    (no ring)
MPRegen 0.12/turn

%: no passive effects
@: sleeping, flying
A: no striking features
a: Renounce Religion


You were on level 4 of the Dungeon.
You worshipped Sif Muna.
Sif Muna was noncommittal.
You visited 1 branch of the dungeon, and saw 4 of its levels.

You collected 115 gold pieces.
You spent 39 gold pieces at shops.


   Skills:
 - Level 2.4 Dodging
 - Level 2.4 Stealth
 - Level 3.0 Spellcasting
 - Level 1.1 Transmutations
 + Level 7.1 Poison Magic


You had 3 spell levels left.
You knew the following spells:

 Your Spells              Type           Power      Damage    Failure   Level
a - Sting                 Tmut/Pois      76%        1d6       2%          1
b - Poisonous Vapours     Pois/Air       34%        N/A       4%          2
c - Olgreb's Toxic Radia  Pois           34%        N/A       7%          4

Your spell library contained the following spells:

 Spells                   Type           Power      Damage    Failure   Level
 Mephitic Cloud           Conj/Pois/Air  11%        N/A       17%         3

Inventory:

Hand Weapons
 d - a +0 dagger {short}
   (You took it off a goblin on level 1 of the Dungeon)
 l - a +0 quarterstaff (weapon) {staff}
   (You found it on level 1 of the Dungeon)
Missiles
 g - 36 stones {throwing}
Armour
 a - a +0 robe
 c - a +0 pair of boots of flying (worn)
   (You found it on level 1 of the Dungeon)
 j - a +0 robe
   (You found it on level 1 of the Dungeon)
 m - a +1 pair of boots
   (You found it on level 1 of the Dungeon)
 o - a +0 helmet (worn)
   (You found it on level 2 of the Dungeon)
 s - a +0 scale mail
   (You found it on level 2 of the Dungeon)
 y - a +0 scale mail
   (You found it on level 3 of the Dungeon)
 z - a +1 chain mail of willpower
   (You took it off an orc on level 3 of the Dungeon)
 A - the +3 robe of the Blind Marksman (worn) {rElec rN+}
   (You took it off a hobgoblin on level 3 of the Dungeon)

   rElec:     It insulates you from electricity.
   rN:        It protects you from negative energy.
Jewellery
 p - a ring of resist corrosion (left hand)
   (You found it on level 2 of the Dungeon)
Scrolls
 e - 5 scrolls of identify {unknown}
 h - a scroll of silence {unknown}
 k - a scroll of acquirement {unknown}
 q - 3 scrolls of teleportation {unknown}
 r - 2 scrolls of amnesia {unknown}
 u - a scroll of enchant weapon {unknown}
 v - a scroll of fear {unknown}
 x - a scroll of butterflies {unknown}
 B - a scroll of poison {unknown}
Potions
 b - 2 potions of magic
 f - a potion of might {unknown}
 i - a potion of enlightenment {unknown}
 n - 2 potions of heal wounds {unknown}
 t - 2 potions of mutation {unknown}
 w - 2 potions of curing {@q1}

Dungeon Overview and Level Annotations

Branches:
Dungeon (4/15) Zot: 20552
 Temple: D:4-7

Altars:
Qazlal
Sif Muna

Shops:
D:3 !   D:4 (

Annotations:
D:3 3 runed translucent doors, minhee2137's ghost, amateur DsVM

... #............#
.#.######.....#######.
...#..........#.....#. ##
#.............#.∩.>.#.
...###.#..........#.....#.
.......##.#####.#######.
###..##...# #........#
#.......### #.########
#..##.#.@## #.# #.#.f.#
#.### #.#.#.## #...##
#####..# ###..#
#..##..#### ##.###
#.........# #...#
#._..####.# ###.# #....#
.. #.# #..### .# #.#


You could see a sleepcap (poisoned).


Message History

Found a stone staircase leading down.
Unknown command.
t - 2 amethyst potions (gained 1)
An endoplasm comes into view.
Danger!
Casting: Sting (safe; 2% risk of failure)
Confirm with . or Enter, or press ? or * to list all spells.
Aiming: Poisonous Vapours (safe; 4% risk of failure)
Press: ? - help, Dir - move target, f - you
Okay, then.
Unknown command.
Casting: Poisonous Vapours (safe; 4% risk of failure)
Confirm with . or Enter, or press ? or * to list all spells.
Aiming: Sting (safe; 2% risk of failure)
Press: ? - help, Shift-Dir - straight line, f - endoplasm
Aim: an endoplasm (asleep, 100% to hit)
The sting hits the endoplasm.
The endoplasm partially resists.
The endoplasm is poisoned.
The endoplasm jiggles.
Casting: Sting (safe; 2% risk of failure)
Confirm with . or Enter, or press ? or * to list all spells.
Aiming: Sting (safe; 2% risk of failure)
Press: ? - help, Shift-Dir - straight line, f/p - endoplasm
Aim: an endoplasm (lightly wounded, poisoned, 98% to hit)
The sting hits the endoplasm.
The endoplasm partially resists.
You hit the endoplasm but do no damage.
The endoplasm hits you but does no damage.
You hit the endoplasm but do no damage.
You kill the endoplasm!
Sif Muna accepts your kill.
No target in view!
A sleepcap comes into view.
Found a stormy altar of Qazlal.
Danger!
Casting: Sting (safe; 2% risk of failure)
Confirm with . or Enter, or press ? or * to list all spells.
Aiming: Poisonous Vapours (safe; 4% risk of failure)
Press: ? - help, Dir - move target, f - you
Okay, then.
Unknown command.
Casting: Poisonous Vapours (safe; 4% risk of failure)
Confirm with . or Enter, or press ? or * to list all spells.
Aiming: Sting (safe; 2% risk of failure)
Press: ? - help, Shift-Dir - straight line, f - you
Okay, then.
Casting: Sting (safe; 2% risk of failure)
Confirm with . or Enter, or press ? or * to list all spells.
Aiming: Sting (safe; 2% risk of failure)
Press: ? - help, Shift-Dir - straight line, f - sleepcap
Aim: a sleepcap (dormant, 100% to hit)
The sting hits the sleepcap but does no damage.
The sleepcap is poisoned.
Casting: Sting (safe; 2% risk of failure)
Confirm with . or Enter, or press ? or * to list all spells.
Aiming: Sting (safe; 2% risk of failure)
Press: ? - help, Shift-Dir - straight line, f/p - sleepcap
Aim: a sleepcap (lightly damaged, poisoned, 100% to hit)
The sting hits the sleepcap but does no damage.
The sleepcap looks even sicker.
The sleepcap attacks as you move away! The sleepcap barely misses you.
The sleepcap attacks as you move away! The sleepcap releases spores at you.
The sleepcap attacks as you move away! The sleepcap misses you.
Casting: Sting (safe; 2% risk of failure)
Confirm with . or Enter, or press ? or * to list all spells.
Aiming: Sting (safe; 2% risk of failure)
Press: ? - help, Shift-Dir - straight line, f/p - sleepcap
Aim: a sleepcap (lightly damaged, poisoned, 100% to hit)
The sting hits the sleepcap but does no damage.
The sleepcap looks even sicker.
The sleepcap releases spores at you but does no damage.
Unknown command.
Unknown command.
You hit the sleepcap but do no damage. The sleepcap releases spores at you.
You are engulfed in a cloud of soporific spores!
You fall asleep.
The sleepcap completely misses you.
The sleepcap releases spores at you but does no damage.
The sleepcap releases spores at you!
You wake up.
You are engulfed in a cloud of soporific spores!
You are unaffected.
You hit the sleepcap.
The sleepcap releases spores at you but does no damage.
You hit the sleepcap but do no damage. The sleepcap misses you.
The sleepcap releases spores at you but does no damage.
Unknown command.
You hit the sleepcap. The sleepcap misses you.
Unknown command.
You hit the sleepcap.
The sleepcap releases spores at you but does no damage.
You completely miss the sleepcap. The sleepcap releases spores at you.
* * * LOW HITPOINT WARNING * * *
The sleepcap closely misses you.
Unknown command.
You hit the sleepcap. The sleepcap releases spores at you.
* * * LOW HITPOINT WARNING * * *
You are engulfed in a cloud of soporific spores!
You fall asleep.
The sleepcap releases spores at you!!
Ouch! That really hurt!
You die...

Skill      XL: |  1  2  3  4  5 |
---------------+----------------+-----
Poison Magic   | 4 5 6 7 |  7.1
Dodging        | |  2.4
Stealth        | |  2.4
Spellcasting   | |  3.0
Transmutations | |  1.1

Action                     |  1- 3 |  4- 6 || total
---------------------------+-------+-------++-------
  Melee: Dagger            |     4 |       ||     4
         Quarterstaff      |    21 |    66 ||    87
   Cast: Sting             |    37 |    30 ||    67
         Poisonous Vapours |    20 |    31 ||    51
   Stab: Sleeping          |       |     1 ||     1
 Armour: Robe              |    11 |    27 ||    38
  Dodge: Dodged            |    33 |    51 ||    84

Levels and vault maps discovered:
D:1:      tarquinn_simple_flora_water_e, layout_rooms
D:2:      layout_rooms, ebering_ecumenical_altar_box, uniq_natasha
D:3:      layout_loops_ring, kennysheep_orc_sif_temple,
          gammafunk_ghost_nasty_kobolds, serial_shops, shop,
          minmay_misc_feat_cross
D:4:      layout_rooms, kennysheep_little_box, chei_slow_surprise,
          mainiacjoe_overflow_alcove_1, minmay_temple_entry_statues_fountains,
          serial_shops, nicolae_take_the_stairs

Notes
Turn   | Place    | Note
-------+----------+-------------------------------------------
     0 | D:1      | Sobieck the Deep Elf Venom Mage began the quest for the
                  | Orb.
     0 | D:1      | Reached XP level 1. HP: 10/10 MP: 6/6
   295 | D:1      | Reached skill level 4 in Poison Magic
   295 | D:1      | Reached XP level 2. HP: 15/15 MP: 6/8
   662 | D:1      | Learned a level 2 spell: Poisonous Vapours
   686 | D:2      | Reached XP level 3. HP: 19/19 MP: 3/9
  1057 | D:2      | Reached skill level 5 in Poison Magic
  1432 | D:2      | Noticed Natasha
  1440 | D:2      | Killed Natasha
  1441 | D:2      | Reached XP level 4. HP: 16/24 MP: 4/10
  1689 | D:2      | Found a faded altar of an unknown god.
  1871 | D:3      | Reached skill level 6 in Poison Magic
  1932 | D:3      | Learned a level 4 spell: Olgreb's Toxic Radiance
  2187 | D:3      | Found Voiwukhlifo's Distillery.
  2194 | D:3      | Bought a potion of curing for 39 gold pieces
  2277 | D:3      | Reached XP level 5. HP: 28/28 MP: 7/11
  2431 | D:3      | Identified the +3 robe of the Blind Marksman {rElec rN+}
  2692 | D:3      | Found a runed translucent gate.
  2693 | D:3      | Found a runed translucent gate.
  2693 | D:3      | Noticed minhee2137's ghost (amateur DsVM)
  2694 | D:3      | Found a runed translucent gate.
  2820 | D:3      | Found a shimmering blue altar of Sif Muna.
  2989 | D:3      | Became a worshipper of Sif Muna the Loreminder
  3159 | D:4      | Reached skill level 7 in Poison Magic
  3347 | D:4      | Found Juipsis's Antique Weapon Emporium.
  3402 | D:4      | Found a stormy altar of Qazlal.
  3422 | D:4      | Mangled by a sleepcap

Vanquished Creatures
  A jelly (D:4)
  Natasha (D:2)
  9 adders
  5 worms
  4 dart slugs
  An orc (D:3)
  4 endoplasms
  A giant cockroach (D:3)
  4 goblins
  7 hobgoblins
  6 kobolds
  A quokka (D:2)
  6 ball pythons
  8 bats
  A frilled lizard (D:2)
  9 rats
68 creatures vanquished.

Table legend:
 A = Non-vault XP
 B = Vault XP
 C = Vault XP percentage of total XP
 D = Non-vault monster count
 E = Vault monster count
 F = Vault count percentage of total count
                 A         B        C        D         E       F
            +---------+---------+-------+---------+---------+-------
      Total |     280 |      40 |  12.5 |      66 |       2 |   2.9
            +---------+---------+-------+---------+---------+-------
        D:1 |      26 |       0 |   0.0 |      18 |       0 |   0.0
        D:2 |      68 |      37 |  35.2 |      21 |       1 |   4.5
        D:3 |     119 |       3 |   2.5 |      20 |       1 |   4.8
        D:4 |      67 |       0 |   0.0 |       7 |       0 |   0.0
            +---------+---------+-------+---------+---------+-------

Skill      XL: |  1  2  3  4  5 |
---------------+----------------+-----
Poison Magic   | 4 5 6 7 |  7.1
Dodging        | |  2.4
Stealth        | |  2.4
Spellcasting   | |  3.0
Transmutations | |  1.1

Action                     |  1- 3 |  4- 6 || total
---------------------------+-------+-------++-------
  Melee: Dagger            |     4 |       ||     4
         Quarterstaff      |    21 |    66 ||    87
   Cast: Sting             |    37 |    30 ||    67
         Poisonous Vapours |    20 |    31 ||    51
   Stab: Sleeping          |       |     1 ||     1
 Armour: Robe              |    11 |    27 ||    38
  Dodge: Dodged            |    33 |    51 ||    84

Illustrated notes

Table legend:
 A = Kills in this place as a percentage of kills in the entire game.
 B = Kills by you in this place as a percentage of kills by you in the entire game.
 C = Kills by friends in this place as a percentage of kills by friends in the entire game.
 D = Other kills in this place as a percentage of other kills in the entire game.
 E = Experience gained in this place as a percentage of experience gained in the entire game.
 F = Experience gained in this place divided by the number of levels of this place that you have seen.
                   A       B       C       D       E      F
               +-------+-------+-------+-------+-------+----------------------
         Total | 100.0 | 100.0 |   N/A |   N/A | 100.0 |  80.0
       Dungeon | 100.0 | 100.0 |   N/A |   N/A | 100.0 |  80.0
               +-------+-------+-------+-------+-------+----------------------

Table legend: (Time is in decaauts)
 A = Elapsed time spent in this place.
 B = Non-inter-level travel time spent in this place.
 C = Inter-level travel time spent in this place.
 D = Time resting spent in this place.
 E = Time spent auto-exploring this place.
 F = Levels seen in this place.
 G = Mean time per level.
                   A        B        C        D        E       F      G
               +--------+--------+--------+--------+--------+-----+--------+
         Total |   3446 |   3322 |    124 |    243 |   2404 |   4 |  861.5 |
       Dungeon |   3446 |   3322 |    124 |    243 |   2404 |   4 |  861.5 |
               +--------+--------+--------+--------+--------+-----+--------+

Top non-repeatable levels by time:
     D:3: 1336 daAuts
     D:2: 1069 daAuts
     D:1: 662 daAuts
     D:4: 378 daAuts
